 Dungeon Crawl Stone Soup version 0.21.0 (webtiles) character file.

11078 wojtek the Cleaver (level 11, -3/99 HPs)
             Began as a Minotaur Fighter on Jan 7, 2018.
             Was a Believer of Makhleb.
             Slain by a warg (7 damage)
             ... led by an orc knight
             ... on level 1 of the Orcish Mines.
             The game lasted 00:15:10 (10101 turns).

wojtek the Cleaver (Minotaur Fighter)              Turns: 10101, Time: 00:15:10

Health: -3/99      AC: 21    Str: 24    XL:     11   Next: 44%
Magic:  0/15       EV: 11    Int:  5    God:    Makhleb [**....]
Gold:   656        SH:  0    Dex: 10    Spells: 10/10 levels left

rFire    . . .     SeeInvis .   P - +0 broad axe
rCold    + . .     Gourm    .   (no shield)
rNeg     . . .     Faith    .   z - +4 chain mail
rPois    .         Spirit   +   (helmet restricted)
rElec    +         Reflect  .   q - +2 cloak
rCorr    .         Harm     .   (no gloves)
MR       .....                  b - +1 pair of boots "Owkauwk" {*Drain rElec rC+}
Stlth    ..........             B - amulet of guardian spirit
HPRegen  0.26/turn              (no ring)
MPRegen  0.14/turn              G - ring of flight

@: no status effects
A: retaliatory headbutt, horns 2
a: Minor Destruction, Renounce Religion, Evoke Flight


You were on level 1 of the Orcish Mines.
You worshipped Makhleb.
Makhleb was pleased with you.
You were not hungry.

You visited 3 branches of the dungeon, and saw 12 of its levels.

You collected 656 gold pieces.

Inventory:

Hand Weapons
 a - a +0 war axe
 P - a +0 broad axe (weapon)
Missiles
 y - 5 poisoned tomahawks (quivered)
Armour
 b - the +1 pair of boots "Owkauwk" (worn) {*Drain rElec rC+}
   (You found it on level 5 of the Dungeon)

   It protects you from cold.
   It insulates you from electricity.
   It causes draining when unequipped.
 c - a +0 shield
 q - a +2 cloak (worn)
 z - a +4 chain mail (worn)
 S - a +1 plate armour of poison resistance
Jewellery
 h - an uncursed ring of magical power
 B - an amulet of guardian spirit (around neck)
 G - a ring of flight (right hand)
 O - an uncursed ring of fire
Wands
 w - a wand of polymorph (7)
 H - a wand of iceblast (7)
 I - a wand of acid (5)
 M - a wand of paralysis (10)
 N - a wand of digging (6)
Scrolls
 g - 2 scrolls of fog {unknown}
 i - 3 scrolls of noise {unknown}
 k - 3 scrolls of identify
 m - 2 scrolls of enchant weapon {unknown}
 n - 2 scrolls of blinking {unknown}
 o - 6 scrolls of teleportation
 s - 3 scrolls of immolation {unknown}
 t - 3 scrolls of random uselessness {unknown}
 x - 4 scrolls of remove curse {unknown}
 A - a scroll of brand weapon {unknown}
 L - a scroll of enchant armour {unknown}
 R - a scroll of magic mapping {unknown}
 T - a scroll of holy word {unknown}
Potions
 d - a potion of might
 e - 3 potions of cancellation
 j - a potion of ambrosia {unknown}
 l - 4 potions of mutation
 p - 2 potions of lignification {unknown}
 r - 9 potions of curing {unknown}
 u - 2 potions of haste
 v - 4 potions of heal wounds {unknown}
 C - a potion of invisibility
 D - a potion of berserk rage {unknown}
 E - a potion of degeneration {unknown}
 F - 2 potions of magic {unknown}
Books
 K - a book of Air

   Spells                             Type                      Level
   a - Shock                          Conjuration/Air              1
   b - Swiftness                      Charms/Air                   2
   c - Static Discharge               Conjuration/Air              3
   d - Airstrike                      Air                          4
   e - Lightning Bolt                 Conjuration/Air              5
 U - Ixismaging's Wizardry Continued
   (You found it on level 10 of the Dungeon)

   Spells                             Type                      Level
   a - Static Discharge               Conjuration/Air              3
   b - Confuse                        Hexes                        3
   c - Inner Flame                    Hexes/Fire                   3
   d - Tukima's Dance                 Hexes                        3
   e - Call Canine Familiar           Summoning                    3
Comestibles
 f - 14 rations
 J - 16 chunks of flesh


   Skills:
 + Level 9.9 Fighting
 * Level 12.8 Axes
 + Level 9.9 Armour
 + Level 6.9 Dodging
 - Level 3.6 Shields
 * Level 7.1 Invocations
 * Level 0.9 Evocations


You had 10 spell levels left.
You didn't know any spells.

Dungeon Overview and Level Annotations

Branches:
Dungeon (10/15)            Temple (1/1) D:7            Lair (0/6) D:9
    Orc (1/2) D:10

Altars:
Ashenzari
Cheibriados
Dithmenos
Elyvilon
Fedhas
Gozag
Hepliaklqana
Kikubaaqudgha
Makhleb
Nemelex Xobeh
Okawaru
Qazlal
Ru
Sif Muna
Trog
Uskayaw
Vehumet
Wu Jian
Xom
Yredelemnul
Zin
The Shining One
Beogh

Shops:
D:4 (

Annotations:
D:7 1 runed door
Orc:1 Fannar, Snorg


Innate Abilities, Weirdness & Mutations

You reflexively headbutt those who attack you in melee.
You have a pair of horns on your head.


Message History

Aiming: Dig
Press: ? - help, Shift-Dir - straight line The rock shatters into small pieces.
You hear a shout!
You hear a shout!
The warg barely misses you.
The orc wizard looks braver for a moment.
You hear a shout!
Evoke which item? (* to show all) (? for menu, Esc to quit)
Aiming: Dig
Press: ? - help, Shift-Dir - straight line The rock shatters into small pieces.
The warg bites you!
* * * LOW HITPOINT WARNING * * *
The warg closely misses you. You furiously retaliate!
You headbutt the warg.
You are too injured to fight recklessly!
You are too injured to fight recklessly!
You slash the warg! Your headbutt misses the warg.
The warg is moderately wounded.
The warg bites you!
You die...

####oo...#
##.#..###
##o#####
##o##
##O##
##o##
##.## #h##
##@# ##.#
#.# #.#
#.# #.#
#.# ##


You could see a warg.

Vanquished Creatures
  4 two-headed ogres
  2 orc knights
  2 oklob plants (D:8)
  A cyclops (Orc:1)
  A gargoyle (D:7)
  The ghost of mopl the Carver, a novice TeSk (D:4)
  2 trolls
  A hornet (D:10)
  A hippogriff (D:8)
  A wyvern (D:8)
  11 orc warriors
  2 black bears
  A sky beast (D:6)
  3 ice beasts
  3 phantoms
  7 ogres
  3 centaurs
  2 crocodiles (D:9)
  A big kobold (D:10)
  5 bullfrogs
  A wyvern skeleton (D:10)
  4 scorpions
  3 killer bees
  8 wights
  5 crimson imps
  2 jellies (D:8)
  A quasit (D:8)
  4 hounds
  5 orc priests (D:10)
  Crazy Yiuf (D:2)
  5 orc wizards
  An iguana (D:9)
  7 worker ants
  A hound skeleton (D:7)
  2 worker ant zombies (D:6)
  7 gnolls
  10 adders
  An ooze (D:1)
  An adder skeleton (D:6)
  6 worms
  3 dart slugs
  A leopard gecko (D:1)
  46 orcs
  7 bats
  5 giant cockroaches
  4 goblins
  4 hobgoblins
  7 quokkas
  A ball python (D:4)
  A ball python zombie (D:5)
  3 frilled lizards
  7 kobolds
  2 leopard gecko skeletons
  7 rats
  A plant (D:2)
228 creatures vanquished.

Vanquished Creatures (others)
  A fungus (D:9)
1 creature vanquished.

Grand Total: 229 creatures vanquished

Notes
Turn   | Place    | Note
-------+----------+-------------------------------------------
     0 | D:1      | wojtek the Minotaur Fighter began the quest for the Orb.
     0 | D:1      | Reached XP level 1. HP: 19/19 MP: 0/0
    28 | D:1      | Reached XP level 2. HP: 25/27 MP: 1/1
    39 | D:1      | Reached skill level 3 in Axes
   259 | D:1      | Reached XP level 3. HP: 33/33 MP: 2/2
   479 | D:1      | Found a bloodstained altar of Trog.
   772 | D:2      | Found a runed door.
   776 | D:2      | Noticed Crazy Yiuf
   780 | D:2      | Killed Crazy Yiuf
   780 | D:2      | Reached skill level 4 in Axes
  1008 | D:2      | Reached XP level 4. HP: 41/41 MP: 3/3
  1009 | D:2      | Found a shattered altar of Ashenzari.
  1145 | D:2      | Found a sacrificial altar of Ru.
  1338 | D:3      | Noticed a phantom
  1384 | D:3      | Killed a phantom
  1384 | D:3      | Reached skill level 5 in Axes
  1384 | D:3      | Reached XP level 5. HP: 10/47 MP: 4/4
  1840 | D:3      | Found a hazy altar of Hepliaklqana.
  1904 | D:3      | Reached skill level 5 in Armour
  1930 | D:3      | Reached skill level 5 in Fighting
  2140 | D:4      | Found a shadowy altar of Dithmenos.
  2155 | D:4      | Noticed an ogre
  2164 | D:4      | Killed an ogre
  2164 | D:4      | Reached XP level 6. HP: 35/56 MP: 5/5
  2265 | D:4      | Reached skill level 6 in Axes
  2310 | D:4      | Found Pifidian's Antique Weapon Shop.
  2322 | D:4      | Noticed mopl's ghost (novice TeSk)
  2356 | D:4      | Killed mopl's ghost
  2356 | D:4      | Reached skill level 7 in Axes
  2356 | D:4      | Reached XP level 7. HP: 33/62 MP: 6/6
  3192 | D:5      | Entered Level 5 of the Dungeon
  3221 | D:5      | Found a sacrificial altar of Ru.
  3357 | D:5      | Reached skill level 1 in Dodging
  3466 | D:5      | Reached skill level 8 in Axes
  3466 | D:5      | Reached XP level 8. HP: 56/71 MP: 7/7
  3566 | D:5      | Found a hide-covered altar of Uskayaw.
  3690 | D:5      | Found a glowing golden altar of the Shining One.
  3861 | D:5      | Got a pair of fine boots
  3867 | D:5      | Identified the +1 pair of boots "Owkauwk" {*Drain rElec rC+} (You found it on level 5 of the Dungeon)
  4322 | D:6      | Reached skill level 9 in Axes
  4645 | D:6      | Found an ancient bone altar of Kikubaaqudgha.
  4693 | D:6      | Found a deep blue altar of Sif Muna.
  4930 | D:6      | Found a shimmering altar of Xom.
  5120 | D:7      | Reached XP level 9. HP: 79/79 MP: 8/8
  5189 | D:7      | Reached skill level 10 in Axes
  5234 | D:7      | Found a staircase to the Ecumenical Temple.
  5292 | Temple   | Entered the Ecumenical Temple
  5480 | Temple   | Became a worshipper of Makhleb the Destroyer
  5512 | D:7      | Noticed a gargoyle
  5519 | D:7      | Found a runed door.
  5735 | D:7      | Killed a gargoyle
  5735 | D:7      | Reached skill level 1 in Invocations
  6223 | D:8      | Noticed an oklob plant
  6258 | D:8      | Noticed an oklob plant
  6273 | D:8      | Killed an oklob plant
  6273 | D:8      | Reached skill level 11 in Axes
  6273 | D:8      | Reached skill level 5 in Dodging
  6437 | D:8      | Killed an oklob plant
  6437 | D:8      | Reached XP level 10. HP: 90/90 MP: 12/12
  6674 | D:8      | Noticed a two-headed ogre
  6677 | D:8      | Killed a two-headed ogre
  6729 | D:8      | Noticed a two-headed ogre
  6752 | D:8      | Killed a two-headed ogre
  6752 | D:8      | Reached skill level 5 in Invocations
  7496 | D:9      | Found a basalt altar of Yredelemnul.
  7550 | D:9      | Noticed a two-headed ogre
  7559 | D:9      | Reached * piety under Makhleb
  7562 | D:9      | Killed a two-headed ogre
  7562 | D:9      | Reached skill level 12 in Axes
  8089 | D:9      | Found a staircase to the Lair.
  8135 | D:9      | Found an iron altar of Okawaru.
  8279 | D:9      | Found a white marble altar of Elyvilon.
  8408 | D:10     | Entered Level 10 of the Dungeon
  8408 | D:10     | Noticed an orc knight
  8434 | D:9      | Killed an orc knight
  8434 | D:9      | Reached XP level 11. HP: 67/97 MP: 14/14
  8941 | D:10     | Reached ** piety under Makhleb
  9003 | D:10     | Noticed an orc knight
  9022 | D:10     | Killed an orc knight
  9174 | D:10     | Found a roughly hewn altar of Beogh.
  9174 | D:10     | Found a staircase to the Orcish Mines.
  9366 | D:10     | Identified Ixismaging's Wizardry Continued
  9565 | D:10     | Noticed a two-headed ogre
  9576 | D:10     | Killed a two-headed ogre
  9730 | D:10     | Noticed Psyche
  9733 | D:10     | Noticed Psyche
  9733 | D:10     | Psyche changed into Psyche the hornet
  9745 | D:10     | Paralysed by Psyche for 2 turns
  9748 | D:10     | Killed Psyche the hornet
  9952 | Orc:1    | Entered Level 1 of the Orcish Mines
 10072 | Orc:1    | Noticed Snorg
 10079 | Orc:1    | Noticed Fannar
 10090 | Orc:1    | Noticed an orc knight
 10099 | Orc:1    | HP: 3/99 [warg[an orc knight] (10)]
 10101 | Orc:1    | Slain by a warg

Skill      XL: |  1  2  3  4  5  6  7  8  9 10 11 |
---------------+----------------------------------+-----
Axes           | 3 4 5 7 8 9 11 12 | 12.8
Fighting       | 4 5 6 7 8 9 |  9.9
Armour         | 4 5 6 7 8 9 |  9.9
Dodging        | 1 3 5 6 |  6.9
Invocations    | 4 6 7 |  7.1
Shields        | |  3.6
Evocations     | |  0.9

Action                   |  1- 3 |  4- 6 |  7- 9 | 10-12 || total
-------------------------+-------+-------+-------+-------++-------
Melee: War axe           |    58 |   116 |   315 |   316 ||   805
       Headbutt          |     2 |    24 |    77 |    72 ||   175
       Broad axe         |       |       |       |    26 ||    26
Evoke: Wand              |       |       |     5 |     3 ||     8
  Use: Scroll            |       |       |     1 |     6 ||     7
  Eat: Chunk             |       |     5 |    13 |    12 ||    30
Armor: Scale mail        |    26 |    36 |     7 |       ||    69
       Chain mail        |       |       |   139 |   171 ||   310
Dodge: Dodged            |    20 |    24 |    62 |   125 ||   231
Block: Shield            |    29 |    65 |   131 |   154 ||   379
